 Dungeon Crawl Stone Soup version 0.29.1-2-gbd0b4ee654 (webtiles) character file.

Game seed: 16076315484562323821

378 kingsuperguy the Chopper (level 6, -15/56 HPs)
             Began as a Minotaur Berserker on Nov 28, 2022.
             Was a Believer of Trog.
             Killed from afar by Ijyb (20 damage)
             ... with a bolt of acid
             ... on level 4 of the Dungeon.
             The game lasted 00:03:05 (3494 turns).

kingsuperguy the Chopper (Minotaur Berserker)       Turns: 3494, Time: 00:03:06

Health: -15/56     AC:  6    Str: 24    XL:     6   Next: 45%
Magic:  5/5        EV: 15    Int:  4    God:    Trog [**....]
Gold:   97         SH:  0    Dex:  9    Spells: 5/5 levels left

rFire   . . .      SeeInvis .   a - +0 hand axe
rCold   . . .      Faith    .   (no shield)
rNeg    . . .      Spirit   .   n - +0 scale mail
rPois   .          Reflect  .   (helmet restricted)
rElec   .          Harm     .   (no cloak)
rCorr   .          Rampage  .   (no gloves)
Will    .....                   (no boots)
Stlth   ..........              (no amulet)
HPRegen 0.18/turn               j - +4 ring of evasion
MPRegen 0.09/turn               (no ring)

@: no status effects
A: horns 2, retaliatory headbutt
a: Renounce Religion, Berserk, Trog's Hand


You were on level 4 of the Dungeon.
You worshipped Trog.
Trog was pleased with you.
You visited 1 branch of the dungeon, and saw 4 of its levels.

You collected 97 gold pieces.

Inventory:

Hand Weapons
 a - a +0 hand axe (weapon)
 c - a +1 vampiric short sword
Armour
 b - a +0 animal skin
 e - an orb of light
 k - a +0 leather armour
 n - a +0 scale mail (worn)
Jewellery
 j - a +4 ring of evasion (left hand)
Wands
 h - a wand of flame (22)
 o - a wand of digging (5)
Scrolls
 d - a scroll of noise {unknown}
 f - 4 scrolls of identify {unknown}
 g - a scroll of brand weapon {unknown}
 q - a scroll of fog {unknown}
Potions
 i - a potion of flight {unknown}
 m - a potion of lignification {unknown}


   Skills:
 + Level 5.2 Fighting
 + Level 2.0 Short Blades
 + Level 5.9 Axes
 + Level 3.2 Armour
 + Level 3.7 Dodging
 + Level 1.2 Stealth


You had 5 spell levels left.
You didn't know any spells.
Your spell library was empty.

Dungeon Overview and Level Annotations

Branches:
Dungeon (4/15)
 Temple: D:4-7

Altars:

Annotations:
D:4 Ijyb


Innate Abilities, Weirdness & Mutations

You have a pair of horns on your head.
You reflexively headbutt those who attack you in melee.


Message History

You hit the jackal but do no damage. The jackal closely misses you.
The jackal misses you. The orc closely misses you.
You hit the orc.
You kill the orc!
Trog accepts your kill.
You closely miss the jackal. The jackal bites you.
The jackal bites you but does no damage.
Ijyb screams, "Level is mine!
All mine!"
The jackal closely misses you.
You see here a +0 flail.
You hit the jackal.
The jackal is moderately wounded.
The jackal completely misses you.
You hit the jackal.
The jackal is almost dead.
The jackal bites you but does no damage.
The jackal bites you.
You hit the jackal but do no damage.
The jackal is almost dead.
The jackal barely misses you.
You hit the jackal.
You kill the jackal!
Trog accepts your kill.
Things that are here:
a jackal corpse; a jackal corpse; a jackal corpse You see here a jackal corpse.
You are no longer corroded.
Ijyb zaps a wand.
The bolt of acid hits you!
* * * LOW HITPOINT WARNING * * *
The acid corrodes you!
You see here 18 gold pieces.
Okay, then.
It was a potion of brilliance.
You feel clever all of a sudden.
It was a potion of cancellation.
Your magical effects are unravelling.
You feel magically purged.
You feel a little less clever now.
You are no longer corroded.
Ijyb zaps a wand.
The bolt of acid hits you!!
You die...

#++++##########
................
~~$...~~~≈g~~~~~
≈~....~~≈≈≈≈≈≈≈≈
~~....~~~~~~~~~~
................
##......@.....#
..............#
#.....††)....#
#.....)......#
.........†....#
..........)...#
##.<..........#
###.#....:..#..
#........##..


You could see Ijyb.

Vanquished Creatures
  Grinder (D:3)
  A jelly (D:4)
  Jessica (D:3)
  Terence (D:2)
  An adder (D:3)
  A gnoll (D:4)
  4 worms
  3 dart slugs
  2 orcs
  6 endoplasms
  7 goblins
  9 hobgoblins
  9 jackals
  2 kobolds
  6 quokkas
  6 ball pythons
  7 bats
  2 frilled lizards
  6 rats
75 creatures vanquished.

Notes
Turn   | Place    | Note
-------+----------+-------------------------------------------
     0 | D:1      | kingsuperguy the Minotaur Berserker began the quest for the
                  | Orb.
     0 | D:1      | Reached XP level 1. HP: 19/19 MP: 0/0
   313 | D:1      | Reached XP level 2. HP: 27/27 MP: 1/1
   393 | D:1      | Noticed a floating eye
   395 | D:1      | Found a faded altar of an unknown god.
   404 | D:1      | Noticed an eye of devastation
   408 | D:1      | Noticed a shining eye
   411 | D:1      | Noticed a great orb of eyes
   546 | D:1      | Reached ** piety under Trog
   551 | D:1      | Reached XP level 3. HP: 22/33 MP: 2/2
  1964 | D:2      | Noticed Terence
  1969 | D:2      | Killed Terence
  1970 | D:2      | Reached XP level 4. HP: 30/41 MP: 3/3
  2547 | D:3      | Reached skill level 1 in Short Blades
  2872 | D:3      | Noticed Jessica
  2883 | D:3      | Killed Jessica
  2884 | D:3      | Reached XP level 5. HP: 26/47 MP: 4/4
  3267 | D:3      | Noticed Grinder
  3271 | D:3      | Paralysed by Grinder for 5 turns
  3279 | D:3      | Killed Grinder
  3280 | D:3      | Reached skill level 5 in Fighting
  3280 | D:3      | Reached skill level 5 in Axes
  3280 | D:3      | Reached skill level 1 in Stealth
  3280 | D:3      | Reached XP level 6. HP: 47/56 MP: 5/5
  3467 | D:4      | Noticed Ijyb
  3494 | D:4      | Killed from afar by Ijyb

Illustrated notes

Levels and vault maps discovered:
D:1:      onia_arrival_handbag, layout_rooms,
          hellmonk_ecumenical_altar_watching_god, minmay_misc_feat_pillars,
          minmay_tree_intersection
D:2:      layout_loops_ring, chequers_serial_rivers_micro_e, chequers_arboretum,
          uniq_terence
D:3:      layout_loops_cross, dk_noncrumbling_2, minmay_between, uniq_grinder,
          uniq_jessica
D:4:      lemuel_castle_with_subvaults [lemuel_castle_interior_carwin_2],
          layout_rooms, ashenzari_altar_1, palyth_stone_intersect,
          minmay_checkerbox, uniq_ijyb, uniq_robin, uniq_eustachio

Skill      XL: |  1  2  3  4  5 |
---------------+----------------+-----
Axes           | 4 5 |  5.9
Fighting       | 4 5 |  5.2
Dodging        | 3 |  3.7
Short Blades   | 1 2 |  2.0
Armour         | 3 |  3.2
Stealth        | 1 |  1.2

Action                   |  1- 3 |  4- 6 || total
-------------------------+-------+-------++-------
Melee: Hand axe          |    43 |    66 ||   109
       Headbutt          |    14 |    11 ||    25
       Short sword       |    84 |       ||    84
       Punch             |     1 |     2 ||     3
  Use: Potion            |       |     2 ||     2
Armor: Animal skin       |    19 |     3 ||    22
       Scale mail        |       |    16 ||    16
       Leather armour    |       |     2 ||     2
Dodge: Dodged            |    88 |    69 ||   157
